 Dungeon Crawl Stone Soup version 0.28.0 (webtiles) character file.

Game seed: 5461332642231951214

56 Strat the Ducker (level 3, -9/20 HPs)
             Began as a Deep Elf Transmuter on Feb 8, 2022.
             Mangled by a wyvern zombie (10 damage)
             ... on level 3 of the Dungeon.
             The game lasted 00:05:01 (2910 turns).

Strat the Ducker (Deep Elf Transmuter)              Turns: 2910, Time: 00:05:02

Health: -9/20      AC:  2    Str:  7    XL:     3   Next: 71%
Magic:  9/9        EV: 13    Int: 17    God:
Gold:   75         SH:  0    Dex: 17    Spells: 4/8 levels left

rFire   . . .      SeeInvis .   b - +0 hunting sling
rCold   . . .      Faith    .   (no shield)
rNeg    . . .      Spirit   .   d - +0 robe
rPois   .          Reflect  .   (no helmet)
rElec   .          Harm     .   (no cloak)
rCorr   .          Rampage  .   (no gloves)
Will    .....                   (no boots)
Stlth   ++........              (no amulet)
HPRegen 0.06/turn               (no ring)
MPRegen 0.11/turn               (no ring)

@: no status effects
A: no striking features
a: no special abilities


You were on level 3 of the Dungeon.
You visited 1 branch of the dungeon, and saw 3 of its levels.

You collected 75 gold pieces.

Inventory:

Hand Weapons
 a - a +1 short sword
 b - a +0 hunting sling (weapon)
 c - a +0 dagger
Missiles
 h - 132 stones (quivered ammo)
 i - 14 sling bullets
 j - 3 poisoned darts
Armour
 d - a +0 robe (worn)
Potions
 f - a potion of flight
 k - a potion of heal wounds {unknown}
 m - a potion of ambrosia {unknown}


   Skills:
 - Level 1.2 Fighting
 + Level 1.5 Short Blades
 - Level 3.5 Dodging
 + Level 1.6 Stealth
 - Level 2.5 Unarmed Combat
 - Level 3.0 Spellcasting
 - Level 2.1 Transmutations
 + Level 0.0 Poison Magic


You had 4 spell levels left.
You knew the following spells:

 Your Spells              Type           Power      Damage    Failure   Level
a - Beastly Appendage     Tmut           20%        N/A       7%          1
b - Spider Form           Tmut/Pois      6%         N/A       32%         3

Your spell library contained the following spells:

 Spells                   Type           Power      Damage    Failure   Level
 Wereblood                Tmut           10%        N/A       11%         2
 Ice Form                 Ice/Tmut       6%         N/A       73%         4


Dungeon Overview and Level Annotations

Branches:
Dungeon (3/15)

Altars:


Message History

No target in view!
h - 132 stones (gained 1)
You see here a rat corpse.
This spell is potentially lethal to cast!
Memorise Spider Form, consuming 3 spell levels and leaving 4?
You start memorising the spell.
You continue memorising. x3
You finish memorising.
Spell assigned to 'b'.
You now have 75 gold pieces (gained 18).
You open the door.
Found a robe.
There is an open door here.
There is an open door here.
n - a scroll labelled VUUBIJUE KOHA
Found a stone staircase leading down.
A wyvern zombie comes into view.
The wyvern zombie closely misses you. The wyvern zombie bites you.
* * * LOW HITPOINT WARNING * * *
The wyvern zombie completely misses you.
As you read the scroll labelled GYMOQU PUAFOAMP, it crumbles to dust.
It is a scroll of identify.
f - a potion of flight The wyvern zombie bites you!
Ouch! That really hurt!
* * * LOW HITPOINT WARNING * * *
The wyvern zombie barely misses you.
As you read the scroll labelled WET JAPASHRAUPU, it crumbles to dust.
You feel aware of your surroundings.
It was a scroll of magic mapping.
The wyvern zombie bites you but does no damage.
As you read the scroll labelled RONITYINAE, it crumbles to dust.
It is a scroll of enchant weapon.
Your +0 short sword glows red for a moment.
The wyvern zombie bites you.
* * * LOW HITPOINT WARNING * * *
As you read the scroll labelled VUUBIJUE KOHA, it crumbles to dust.
The scroll dissolves into smoke.
It was a scroll of fog.
The wyvern zombie bites you but does no damage.
The wyvern zombie bites you!
Ouch! That really hurt!
You die...

.........#...#.#..#***,*******..#
.........#...#.#..#,,,,* *#.#
.........#.....#..#,**** #.#
.........#..####..#,* #.#
.........#........#,* ####..
.........#.##....##,########.†...
.........#.....###*,..........##.
.........####.§#############..##.
..............§Z@§§....# #..###
..............########.# #..###
#######'#.##.##,,,,,,#.#####.....
#........##.#*,****,#.......####
#........##.#*,,,,*,#########
#........##.#****,*,*
#........##..,,,*,*,*
#........####**,*,*,* #[.......#
*,*,*,*


You could see a wyvern zombie.

Vanquished Creatures
  2 dart slugs
  2 ball pythons (D:1)
  7 bats
  5 endoplasms
  2 giant cockroaches (D:1)
  6 hobgoblins
  6 jackals (D:1)
  A quokka (D:1)
  4 frilled lizards
  A goblin (D:1)
  6 kobolds
  6 rats
48 creatures vanquished.

Notes
Turn   | Place    | Note
-------+----------+-------------------------------------------
     0 | D:1      | Strat the Deep Elf Transmuter began the quest for the Orb.
     0 | D:1      | Reached XP level 1. HP: 11/11 MP: 6/6
    73 | D:1      | Reached skill level 1 in Fighting
   171 | D:1      | Reached XP level 2. HP: 9/16 MP: 8/8
  1047 | D:1      | Found a faded altar of an unknown god.
  1072 | D:1      | Reached skill level 1 in Short Blades
  1406 | D:1      | Reached XP level 3. HP: 19/20 MP: 7/9
  1408 | D:1      | Reached skill level 1 in Stealth
  2809 | D:3      | Learned a level 3 spell: Spider Form
  2909 | D:3      | HP: 1/20 [wyvern zombie (3)]
  2910 | D:3      | Mangled by a wyvern zombie

Illustrated notes

Levels and vault maps discovered:
D:1:      dpeg_arrival_stone_temple_mockup, layout_loops_ring,
          shapermc_ecumenical_altar_starsandcircs
D:2:      layout_loops_ring
D:3:      layout_basic, minmay_pentangle

Skill      XL: |  1  2  3 |
---------------+----------+-----
Fighting       | 1 |  1.2
Dodging        | 3 |  3.5
Short Blades   | 1 |  1.5
Stealth        | 1 |  1.6
Unarmed Combat | |  2.5
Spellcasting   | |  3.0
Transmutations | |  2.1

Action                   || total
-------------------------++-------
Melee: Dagger            ||    18
       Unarmed           ||     7
       Kick              ||    13
       Headbutt          ||    11
       Punch             ||     4
       Short sword       ||    74
 Fire: Hunting sling     ||    13
 Cast: Beastly Appendage ||    17
  Use: Scroll            ||     4
 Stab: Sleeping          ||     7
Armor: Robe              ||    30
Dodge: Dodged            ||    80
